 Dungeon Crawl Stone Soup version 0.29.0-4-gdea44cf6ec (webtiles) character file.

Game seed: 11292301269969805051

46 qw the Chopper (level 3, -6/29 HPs)
             Began as a Demonspawn Cinder Acolyte on Sept 9, 2022.
             Was an Elder of Ignis.
             Mangled by a gnoll
             ... wielding a +0 halberd
              (7 damage)
             ... on level 2 of the Dungeon.
             The game lasted 00:00:29 (1387 turns).

qw the Chopper (Demonspawn Cinder Acolyte)          Turns: 1387, Time: 00:00:30

Health: -6/29      AC: 12    Str: 16    XL:     3   Next: 46%
Magic:  4/4        EV:  9    Int: 15    God:    Ignis [****..]
Gold:   126        SH:  7    Dex:  8    Spells: 4/4 levels left

rFire   + + .      SeeInvis .   a - -1 hand axe (flame)
rCold   . . .      Faith    .   c - +0 buckler
rNeg    . . .      Spirit   .   f - +0 ring mail {rF+}
rPois   .          Reflect  .   (no helmet)
rElec   .          Harm     .   (no cloak)
rCorr   .          Rampage  .   (no gloves)
Will    .....                   (no boots)
Stlth   ..........              (no amulet)
HPRegen 0.09/turn               (no ring)
MPRegen 0.09/turn               (no ring)

@: mighty, fiery-armoured
A: powered by pain 1, condensation shield
a: Renounce Religion, Fiery Armour, Foxfire Swarm, Rising Flame


You were on level 2 of the Dungeon.
You worshipped Ignis.
Ignis was greatly pleased with you.
You visited 1 branch of the dungeon, and saw 2 of its levels.

You collected 126 gold pieces.


Innate Abilities, Weirdness & Mutations

You sometimes gain a little power by taking damage.
A meltable shield of frost defends you. (SH +4)


   Skills:
 - Level 3.0 Fighting
 - Level 3.9 Axes
 + Level 0.9 Shields
 - Level 1.0 Spellcasting
 - Level 2.6 Fire Magic


You had 4 spell levels left.
You didn't know any spells.
Your spell library contained the following spells:

 Spells                   Type           Power      Damage    Failure   Level
 Scorch                   Fire           16%        2d6       32%         2

Inventory:

Hand Weapons
 a - a -1 hand axe of flaming (weapon)
Armour
 c - a +0 buckler (worn)
 e - a +0 scale mail
 f - a +0 ring mail of fire resistance (worn)
Jewellery
 g - a ring of resist corrosion
Scrolls
 h - a scroll of immolation {unknown}
 i - a scroll of teleportation {unknown}
Potions
 b - a potion of cancellation {unknown}
 d - a potion of curing

Dungeon Overview and Level Annotations

Branches:
Dungeon (2/15)

Altars:


Message History

You hit the bat. You burn the bat.
You kill the bat!
There is an open door here.
You see here a bat corpse.
A goblin comes into view. It is wielding a +0 club.
The goblin shouts!
You hit the goblin. You burn the goblin.
You kill the goblin!
You open the door.
Found a dagger.
There is an open door here.
Found a sling.
A rat comes into view.
Found a scroll labelled GUPUMO VEFAIX.
You barely miss the rat. You block the rat's attack.
You hit the rat. You burn the rat.
You kill the rat!
i - a scroll labelled GUPUMO VEFAIX A gnoll comes into view.
It is wielding a +0 halberd.
The gnoll shouts!
You hear a shout!
You hear an angry hiss.
A gnoll comes into view. It is wielding a +0 halberd.
1380 ||| Stepping ~*~*~tactically~*~*~ (hiding).
You start waiting.
A gnoll is nearby!
The gnoll barely misses you.
The gnoll hits you from afar with a +0 halberd!
You focus on the pain.
You feel very mighty all of a sudden.
1386 ||| INVOKING Fiery Armour.
A protective cloak of flame settles atop you.
You block the gnoll's attack.
The gnoll hits you from afar with a +0 halberd.
You barely miss the gnoll. The gnoll hits you with a +0 halberd!
The gnoll is burned by your cloak of flames.
The gnoll is moderately wounded.
The gnoll barely misses you.
The gnoll hits you from afar with a +0 halberd!
You die...

#.##.#
#.#
#.##.#
#.#
..##.#
#.#
..##.#
#.#
.#.##.#
#.#
.#.##.#
... #.#
#.# #@#
.....gg.#
##.#.####
#


You could see 2 gnolls.

Vanquished Creatures
  3 ball pythons (D:1)
  4 bats
  5 endoplasms
  A giant cockroach (D:1)
  5 hobgoblins
  7 jackals
  2 kobolds (D:1)
  2 quokkas
  3 frilled lizards
  3 goblins
  6 rats
41 creatures vanquished.

Notes
Turn   | Place    | Note
-------+----------+-------------------------------------------
     0 | D:1      | qw the Demonspawn Cinder Acolyte began the quest for the
                  | Orb.
     0 | D:1      | Reached XP level 1. HP: 18/18 MP: 2/2
     0 | D:1      | 0 ||| qw: Version: 0.1-a-113-g051387a
     0 | D:1      | 0 ||| qw: Game counter: 7173
     0 | D:1      | 0 ||| qw: Always use a shield: true
     0 | D:1      | 0 ||| qw: God list: Okawaru
     0 | D:1      | 0 ||| qw: Allow faded altars: false
     0 | D:1      | 0 ||| qw: Do Orc after D:15 true
     0 | D:1      | 0 ||| qw: Do second Lair branch before Depths: true
     0 | D:1      | 0 ||| qw: Lair rune preference: random
     0 | D:1      | 0 ||| qw: Plans: Normal
     0 | D:1      | 0 ||| PLANNING D:1-11
    35 | D:1      | 35 ||| Stepping ~*~*~tactically~*~*~ (stealth).
    39 | D:1      | 39 ||| INVOKING Fiery Armour.
    41 | D:1      | Reached skill level 3 in Axes
    45 | D:1      | Gained mutation: A meltable shield of frost defends you.
                  | (SH +4) [demonic ancestry]
    45 | D:1      | Reached XP level 2. HP: 18/24 MP: 3/3
    87 | D:1      | 87 ||| Stepping ~*~*~tactically~*~*~ (stealth).
   117 | D:1      | 117 ||| Stepping ~*~*~tactically~*~*~ (stealth).
   232 | D:1      | Noticed a floating eye
   234 | D:1      | Found a faded altar of an unknown god.
   236 | D:1      | Noticed a great orb of eyes
   236 | D:1      | Noticed a floating eye
   236 | D:1      | Noticed a floating eye
   502 | D:1      | 502 ||| Stepping ~*~*~tactically~*~*~ (stealth).
   504 | D:1      | 504 ||| Stepping ~*~*~tactically~*~*~ (stealth).
   511 | D:1      | 511 ||| INVOKING Fiery Armour.
   511 | D:1      | HP: 5/24 [frozen (2)]
   512 | D:1      | 512 ||| Stepping ~*~*~tactically~*~*~ (stealth).
   553 | D:1      | 553 ||| Stepping ~*~*~tactically~*~*~ (stealth).
   554 | D:1      | 554 ||| Stepping ~*~*~tactically~*~*~ (stealth).
   557 | D:1      | 557 ||| Stepping ~*~*~tactically~*~*~ (stealth).
   803 | D:1      | Gained mutation: You sometimes gain a little power by
                  | taking damage. [demonic ancestry]
   803 | D:1      | Reached XP level 3. HP: 25/29 MP: 4/4
   997 | D:1      | 997 ||| UPGRADING to +0 buckler.
  1002 | D:1      | 1002 ||| UPGRADING to +0 scale mail.
  1012 | D:1      | 1012 ||| DROPPING +0 robe.
  1013 | D:1      | 1013 ||| UPGRADING to +0 ring mail of fire resistance.
  1023 | D:1      | 1023 ||| DRINKING 2 bubbling brown potions.
  1158 | D:2      | 1158 ||| Stepping ~*~*~tactically~*~*~ (stealth).
  1380 | D:2      | 1380 ||| Stepping ~*~*~tactically~*~*~ (hiding).
  1386 | D:2      | 1386 ||| INVOKING Fiery Armour.
  1387 | D:2      | HP: 1/29 [gnoll/+0 halberd (8)]
  1387 | D:2      | Mangled by a gnoll

Levels and vault maps discovered:
D:1:      dpeg_arrival_court, layout_rooms,
          hellmonk_ecumenical_altar_watching_god
D:2:      layout_loops_ring, serial_shops, nicolae_lakefront_shop,
          roderic_filled_cross

Skill      XL: |  1 |
---------------+----+-----
Axes           | 3 |  3.9
Fighting       | |  3.0
Shields        | |  0.9
Spellcasting   | |  1.0
Fire Magic     | |  2.6

Action                   || total
-------------------------++-------
Melee: Hand axe          ||    86
Invok: Fiery Armour      ||     3
  Use: Potion            ||     1
Armor: Robe              ||     8
       Ring mail         ||    17
Dodge: Dodged            ||    39
Block: Other             ||     5
       Buckler           ||    11

Table legend:
 A = Non-vault XP
 B = Vault XP
 C = Vault XP percentage of total XP
 D = Non-vault monster count
 E = Vault monster count
 F = Vault count percentage of total count
                 A         B        C        D         E       F
            +---------+---------+-------+---------+---------+-------
      Total |      67 |       0 |   0.0 |      41 |       0 |   0.0
            +---------+---------+-------+---------+---------+-------
        D:1 |      50 |       0 |   0.0 |      30 |       0 |   0.0
        D:2 |      17 |       0 |   0.0 |      11 |       0 |   0.0
            +---------+---------+-------+---------+---------+-------
